[Event "IND-ch Women 2019"]
[Site "Karaikkudi"]
[Date "2019.07.20"]
[Round "3.4"]
[White "Meenal Gupta"]
[Black "Nandhidhaa, P V"]
[Result "0-1"]
[ECO "B40"]
[WhiteElo "2004"]
[BlackElo "2259"]
[Annotator "NA"]
[PlyCount "66"]
[EventDate "2019.07.19"]
[EventType "swiss"]
[EventCountry "IND"]
[SourceTitle "playchess.com"]
[Source "ChessBase"]
[SourceQuality "1"]
[TimeControl "40/5400+30:1800+30"]

1. e4 c5 2. Nf3 e6 3. d4 cxd4 4. Nxd4 Nc6 5. Nxc6 bxc6 6. Bd3 Nf6 7. Nd2 d5 8. O-O Qc7 9. Qe2 Bd6 10. h3 O-O 11. b3 $11 e5 12. a4 (12. Bb2 $11 {keeps the balance.}) 12... Qe7 13. Bb2 Re8 14. Rfd1 Bb7 15. a5 Rad8 16. a6 Bc8 17. Bc3 Bc7 18. Ba5 g6 19. Bxc7 Qxc7 20. Qf3 Nh5 21. Bf1 Nf4 22. g3 Ne6 23. Qe3 Nd4 24. Rdc1 Qe7 25. c4 dxe4 26. Nxe4 f5 27. Nd2 f4 28. gxf4 Nf5 29. Qc3 Qh4 30. Ne4 Rf8 31. fxe5 Qxe4 32. Bg2 Qf4 33. Bxc6 Nd4 0-1

[Event "IND-ch Women 2019"]
[Site "Karaikkudi"]
[Date "2019.07.20"]
[Round "3.5"]
[White "Vantika Agrawal"]
[Black "Bala Kannamma P"]
[Result "1-0"]
[ECO "D78"]
[WhiteElo "2243"]
[BlackElo "2051"]
[Annotator "NA"]
[PlyCount "79"]
[EventDate "2019.07.19"]
[EventType "swiss"]
[EventCountry "IND"]
[SourceTitle "playchess.com"]
[Source "ChessBase"]
[SourceQuality "1"]
[TimeControl "40/5400+30:1800+30"]

1. d4 Nf6 2. c4 g6 3. g3 Bg7 4. Bg2 O-O 5. Nf3 c6 6. O-O d5 7. Qb3 Qb6 8. Nc3 Qxb3 $18 (8... Qb5 $2 ) (8... Rd8 $11) 9. axb3 Rd8 10. Bf4 Bf5 11. Rfc1 Na6 12. h3 h6 13. g4 Be6 14. c5 Ne8 15. e3 g5 16. Bg3 f5 17. gxf5 Bxf5 18. Bf1 Nac7 19. b4 Bf6 20. Kh2 b5 21. Ne5 Bxe5 22. Bxe5 e6 23. Be2 Kh7 24. Rg1 Rd7 25. Rg2 Ng7 26. h4 gxh4 27. Rag1 Nce8 28. Nxb5 h3 29. Rg3 cxb5 30. Bxb5 Rf7 31. Bxe8 Nxe8 32. Rg8 Nf6 33. Rxa8 Ng4+ 34. Rxg4 Bxg4 35. f4 Rb7 36. Kg3 h5 37. c6 Rxb4 38. c7 h4+ 39. Kxg4 h2 40. Kg5 1-0

[Event "IND-ch Women 2019"]
[Site "Karaikkudi"]
[Date "2019.07.20"]
[Round "3.6"]
[White "Michelle Catherina, P."]
[Black "Ramaswamy, Aarthie"]
[Result "1/2-1/2"]
[ECO "B91"]
[WhiteElo "2226"]
[BlackElo "2020"]
[Annotator "NA"]
[PlyCount "99"]
[EventDate "2019.07.19"]
[EventType "swiss"]
[EventCountry "IND"]
[SourceTitle "playchess.com"]
[Source "ChessBase"]
[SourceQuality "1"]
[TimeControl "40/5400+30:1800+30"]

1. e4 c5 2. Nf3 Nc6 3. d4 cxd4 4. Nxd4 Nf6 5. Nc3 d6 6. g3 e5 7. Nde2 Be7 8. Bg2 O-O 9. O-O a6 10. a4 Nb4 11. Nd5 Nbxd5 12. exd5 Bf5 13. c3 a5 14. c4 Nd7 15. Nc3 Bg5 16. Be3 Rc8 17. Nb5 Be7 18. Qe2 Nc5 19. Rfd1 h6 20. h4 Bh7 21. Bh3 f5 22. Ra3 Bf6 23. Na7 Rc7 24. Nb5 Rc8 25. Na7 Rc7 26. Bd2 Rcf7 27. Qe1 f4 28. Bxa5 b6 29. Nc6 Qc7 30. Bb4 fxg3 31. fxg3 e4 32. Nd4 Nd3 33. Raxd3 exd3 34. Ne6 Qxc4 35. Nxf8 Rxf8 36. Be6+ Kh8 37. Bc3 Bd4+ 38. Kh2 Bxc3 39. Qxc3 Rf2+ 40. Kg1 Qxc3 41. bxc3 Rc2 42. Rf1 g5 43. h5 Bg8 44. Rf8 Rc1+ 45. Kg2 d2 46. Rxg8+ Kh7 47. Rf8 d1=Q 48. Rf7+ Kg8 49. Rf6+ Kg7 50. Rf7+ 1/2-1/2

[Event "IND-ch Women 2019"]
[Site "Karaikkudi"]
[Date "2019.07.20"]
[Round "3.7"]
[White "Jyothsna L"]
[Black "Mohota, Nisha"]
[Result "1/2-1/2"]
[ECO "E11"]
[WhiteElo "1939"]
[BlackElo "2221"]
[Annotator "NA"]
[PlyCount "65"]
[EventDate "2019.07.19"]
[EventType "swiss"]
[EventCountry "IND"]
[SourceTitle "playchess.com"]
[Source "ChessBase"]
[SourceQuality "1"]
[TimeControl "40/5400+30:1800+30"]

1. d4 Nf6 2. Nf3 e6 3. c4 Bb4+ 4. Bd2 a5 5. a3 Bxd2+ 6. Qxd2 b6 7. Nc3 Bb7 8. g3 Bxf3 9. exf3 O-O 10. Bg2 d5 11. f4 c6 12. cxd5 exd5 13. O-O Qd6 14. Rfe1 Nbd7 15. Rac1 b5 16. a4 Rfb8 17. axb5 cxb5 18. Qd3 b4 19. Na4 Re8 20. Rxe8+ Rxe8 21. Qb5 Nf8 22. Qxa5 Ne6 23. Qb6 Qf8 24. Rd1 Rb8 25. Qc6 Rc8 26. Qb5 Qd6 27. f5 Ng5 28. Nc5 Rb8 29. Qd3 h5 30. h4 Ngh7 31. Qb3 Nf8 32. Rc1 N8d7 33. Bf3 1/2-1/2

[Event "IND-ch Women 2019"]
[Site "Karaikkudi"]
[Date "2019.07.20"]
[Round "3.8"]
[White "Meenakshi Subbaraman"]
[Black "Nandhini, Saripalli"]
[Result "1/2-1/2"]
[ECO "A32"]
[WhiteElo "2163"]
[BlackElo "1933"]
[Annotator "NA"]
[PlyCount "77"]
[EventDate "2019.07.19"]
[EventType "swiss"]
[EventCountry "IND"]
[SourceTitle "playchess.com"]
[Source "ChessBase"]
[SourceQuality "1"]
[TimeControl "40/5400+30:1800+30"]

1. d4 Nf6 2. c4 e6 3. Nf3 c5 4. Nc3 cxd4 5. Nxd4 Bc5 6. Nb3 Bb4 7. Bd2 O-O 8. Qc2 d5 9. e3 b6 10. cxd5 Bxc3 11. Bxc3 Nxd5 12. Bd3 Qh4 13. g3 Qh3 14. Bf1 Qh5 15. Bg2 Bb7 16. O-O Nd7 17. Nd4 Rac8 18. Qe2 Qxe2 19. Nxe2 Nxc3 20. Nxc3 Bxg2 21. Kxg2 Ne5 22. a4 Nc4 23. Nb5 a6 24. Nd4 Nxb2 25. Rfb1 Nc4 26. Ra2 g6 27. Nc2 Rfd8 28. Nd4 Rd7 29. Rb4 Rc5 30. Kh3 Rh5+ 31. Kg2 Rc5 32. h4 h5 33. Kf1 Kg7 34. Ke2 Kf6 35. Nb3 Rc6 36. Nd4 Rc5 37. Nb3 Rc6 38. Nd4 Ke5 39. Ke1 1/2-1/2

[Event "IND-ch Women 2019"]
[Site "Karaikkudi"]
[Date "2019.07.20"]
[Round "3.9"]
[White "Jain Nityata"]
[Black "Sunyuktha C M N"]
[Result "1-0"]
[ECO "B51"]
[WhiteElo "2135"]
[BlackElo "1815"]
[Annotator "NA"]
[PlyCount "99"]
[EventDate "2019.07.19"]
[EventType "swiss"]
[EventCountry "IND"]
[SourceTitle "playchess.com"]
[Source "ChessBase"]
[SourceQuality "1"]
[TimeControl "40/5400+30:1800+30"]

1. e4 c5 2. Nf3 d6 3. Bb5+ Nd7 4. O-O a6 5. Bd3 Ngf6 6. Re1 e6 7. c3 Be7 8. Bc2 O-O 9. d4 e5 10. dxe5 dxe5 11. c4 b5 12. Nc3 bxc4 13. Qe2 Bb7 14. Qxc4 Nb6 15. Qe2 Qc7 16. Be3 Rfe8 17. Nd2 Rac8 18. Bb3 Nfd7 19. Rac1 Nb8 20. Nc4 Nxc4 21. Qxc4 Bf8 22. Na4 Nc6 23. Nxc5 Na5 24. Qe2 Nxb3 25. Nxb3 Qd6 26. Bc5 Qg6 27. Bxf8 Rxc1 28. Nxc1 Kxf8 29. Nd3 Qb6 30. Rc1 Qd4 31. Nc5 Rc8 32. Rc4 Qxc5 33. Rxc5 Rxc5 34. f3 Ke7 35. Qd2 Rc7 36. Qg5+ Ke6 37. a4 f6 38. Qf5+ Kf7 39. Qh5+ Kf8 40. b4 Rc1+ 41. Kf2 Rb1 42. Qxh7 Rxb4 43. Qh8+ Kf7 44. Qb8 Kg6 45. Kg3 Rb2 46. h4 a5 47. Qe8+ Kh7 48. h5 Rb4 49. Qg6+ Kh8 50. h6 1-0

[Event "IND-ch Women 2019"]
[Site "Karaikkudi"]
[Date "2019.07.20"]
[Round "3.10"]
[White "Sunyasakta, Satpathy"]
[Black "Thipsay, Bagyashree Sathe"]
[Result "0-1"]
[ECO "B10"]
[WhiteElo "1801"]
[BlackElo "2093"]
[Annotator "NA"]
[PlyCount "128"]
[EventDate "2019.07.19"]
[EventType "swiss"]
[EventCountry "IND"]
[SourceTitle "playchess.com"]
[Source "ChessBase"]
[SourceQuality "1"]
[TimeControl "40/5400+30:1800+30"]

1. e4 c6 2. c4 d5 3. exd5 cxd5 4. cxd5 Nf6 5. Qa4+ Nbd7 6. Nc3 g6 7. Bc4 Bg7 8. d3 O-O 9. Nf3 a6 10. Qa3 b6 11. O-O Bb7 12. Re1 Re8 13. d4 b5 14. Bb3 Nb6 15. Bg5 Nbxd5 16. Nxd5 Bxd5 17. Bxd5 Nxd5 18. Rac1 f6 19. Bd2 Qd7 20. h3 Bf8 21. Qd3 Rac8 22. Nh4 Kf7 23. Nf3 Rxc1 24. Rxc1 Rc8 25. Re1 Rc6 26. h4 Qf5 27. Qb3 e6 28. a3 Qc2 29. Qa2 Qd3 30. Qb1 Rc2 31. b4 Bd6 32. Rd1 Qf5 33. Rc1 Rc4 34. Qxf5 gxf5 35. Kf1 Ke7 36. g3 Kd7 37. Ke2 Nb6 38. Kd3 Kc6 39. Re1 Kd5 40. Ng1 Rxd4+ 41. Kc2 e5 42. Be3 Rc4+ 43. Kb3 Kc6 44. Nf3 Nd5 45. Bd2 e4 46. Ng1 f4 47. Ne2 e3 48. fxe3 fxe3 49. Bc1 Be5 50. Bb2 Kd6 51. Rd1 Bxb2 52. Kxb2 Ke5 53. Ng1 Ke4 54. Rf1 f5 55. Rd1 f4 56. gxf4 Nxf4 57. Rd7 h5 58. Re7+ Kd3 59. Nf3 Ke2 60. Ne5 Re4 61. Kc2 Nd3 62. Ng6 Rxe7 63. Nxe7 Nf4 64. Nf5 Kf2 0-1

[Event "IND-ch Women 2019"]
[Site "Karaikkudi"]
[Date "2019.07.20"]
[Round "3.12"]
[White "Gomes, Mary Ann"]
[Black "Saranya, J."]
[Result "1/2-1/2"]
[ECO "A13"]
[WhiteElo "2303"]
[BlackElo "2067"]
[Annotator "NA"]
[PlyCount "89"]
[EventDate "2019.07.19"]
[EventType "swiss"]
[EventCountry "IND"]
[SourceTitle "playchess.com"]
[Source "ChessBase"]
[SourceQuality "1"]
[TimeControl "40/5400+30:1800+30"]

1. Nf3 Nf6 2. c4 e6 3. g3 b6 4. Bg2 Bb7 5. b3 d5 6. Bb2 Bd6 7. O-O Nbd7 8. d3 O-O 9. Nbd2 c5 $11 10. cxd5 exd5 11. e4 Re8 12. Re1 Qc7 13. Qc2 Rad8 14. Nh4 dxe4 15. dxe4 Be5 16. Nc4 Bxb2 17. Nxb2 Ne5 18. Rad1 Nc6 19. Rxd8 Qxd8 20. Nc4 Nd4 21. Qd3 b5 22. Nb2 Qa5 23. Qb1 Nd5 24. Nd3 Nc3 25. Qb2 b4 26. Nf3 Ba6 27. Nc1 Qc7 28. a3 Nxf3+ 29. Bxf3 f5 30. Na2 Qa5 31. Nxc3 bxc3 32. Qc2 Bb7 33. Re3 Qxa3 34. Qxc3 fxe4 35. Qc4+ Kf8 36. Bxe4 Bxe4 37. Rxe4 Rxe4 38. Qxe4 h6 39. Qd5 a5 40. h4 Qb4 41. h5 Ke7 42. Qe5+ Kf7 43. Qd5+ Ke7 44. Qe5+ Kf7 45. Qd5+ 1/2-1/2

[Event "IND-ch Women 2019"]
[Site "Karaikkudi"]
[Date "2019.07.20"]
[Round "3.13"]
[White "Shah, Vishwa"]
[Black "Mahalakshmi D M"]
[Result "0-1"]
[ECO "B12"]
[WhiteElo "1734"]
[BlackElo "1145"]
[Annotator "NA"]
[PlyCount "98"]
[EventDate "2019.07.19"]
[EventType "swiss"]
[EventCountry "IND"]
[SourceTitle "playchess.com"]
[Source "ChessBase"]
[SourceQuality "1"]
[TimeControl "40/5400+30:1800+30"]

1. e4 c6 2. d4 d5 3. e5 c5 4. dxc5 e6 5. a3 Bxc5 6. b4 Bb6 7. Nf3 Ne7 8. Bd3 Ng6 9. O-O Qc7 10. Bb2 Nf4 11. Re1 Nxd3 12. Qxd3 Nc6 13. Nbd2 Qd8 14. c4 O-O 15. c5 Bc7 16. Nb3 Bd7 17. b5 Na5 18. Nxa5 Bxa5 19. Re3 a6 20. b6 Rc8 21. Bd4 Qe7 22. Rb1 h6 23. Qc2 Bb5 24. Qb2 Rxc5 25. Bxc5 Qxc5 26. Nd4 Ba4 27. Nb3 Qxb6 28. Nxa5 Qxa5 29. Qb4 Qxb4 30. Rxb4 Rc8 31. Re1 b5 32. Kf1 a5 33. Rd4 Bb3 34. Rb1 Rc3 35. Ke1 f6 36. Kd2 Rc2+ 37. Kd3 a4 38. exf6 gxf6 39. Ke3 Bc4 40. Ra1 e5 41. Rg4+ Kf7 42. f4 f5 43. Rh4 d4+ 44. Kf3 e4+ 45. Kg3 Rc3+ 46. Kf2 e3+ 47. Ke1 d3 48. Rh3 d2+ 49. Kd1 Bb3+ 0-1

[Event "IND-ch Women 2019"]
[Site "Karaikkudi"]
[Date "2019.07.20"]
[Round "3.14"]
[White "Priyanka, Kumari"]
[Black "ThamaraiSelvi, P."]
[Result "1-0"]
[ECO "B42"]
[WhiteElo "1991"]
[BlackElo "1752"]
[Annotator "NA"]
[PlyCount "59"]
[EventDate "2019.07.19"]
[EventType "swiss"]
[EventCountry "IND"]
[SourceTitle "playchess.com"]
[Source "ChessBase"]
[SourceQuality "1"]
[TimeControl "40/5400+30:1800+30"]

1. e4 c5 2. Nf3 e6 3. d4 cxd4 4. Nxd4 a6 5. Bd3 Nc6 6. Nxc6 dxc6 7. Nd2 e5 8. Nc4 Nf6 9. O-O Qc7 10. a4 Be6 11. Qe2 Bc5 12. Bg5 Nd7 13. c3 f6 14. Be3 O-O 15. b4 Bxe3 16. Nxe3 b5 17. c4 a5 18. cxb5 axb4 19. Bc4 Bf7 20. Rfc1 c5 21. Nd5 Qd8 22. Rd1 Kh8 23. Ne3 Qc7 24. a5 Rxa5 25. Rxa5 Qxa5 26. Rxd7 b3 27. Bxf7 Qa1+ 28. Rd1 b2 29. Qe1 Ra8 30. Rb1 1-0

[Event "IND-ch Women 2019"]
[Site "Karaikkudi"]
[Date "2019.07.20"]
[Round "3.15"]
[White "Dhyana Patel"]
[Black "Varshini, V."]
[Result "1/2-1/2"]
[ECO "B53"]
[WhiteElo "1900"]
[BlackElo "2087"]
[Annotator "NA"]
[PlyCount "61"]
[EventDate "2019.07.19"]
[EventType "swiss"]
[EventCountry "IND"]
[SourceTitle "playchess.com"]
[Source "ChessBase"]
[SourceQuality "1"]
[TimeControl "40/5400+30:1800+30"]

1. e4 c5 2. Nf3 d6 3. d4 cxd4 4. Qxd4 Nc6 5. Bb5 Bd7 6. Bxc6 Bxc6 7. Nc3 Nf6 8. Bg5 e6 9. O-O-O Be7 10. Qd3 O-O 11. Nd4 Rc8 12. f4 Qb6 13. h4 Rfe8 14. f5 e5 15. Bxf6 Bxf6 16. Nxc6 bxc6 17. g4 Rb8 18. b3 Qa5 19. g5 Bd8 20. f6 Bb6 21. Na4 d5 22. h5 Qb4 23. g6 Bd8 24. exd5 e4 25. gxf7+ Kxf7 26. Qc3 Qxc3 27. Nxc3 Bxf6 28. Ne2 Bg5+ 29. Kb2 cxd5 30. Rxd5 h6 31. c4 1/2-1/2

[Event "IND-ch Women 2019"]
[Site "Karaikkudi"]
[Date "2019.07.20"]
[Round "3.16"]
[White "Mrudul Dehankar"]
[Black "Shetye, Siddhali"]
[Result "1-0"]
[ECO "C78"]
[WhiteElo "2074"]
[BlackElo "1837"]
[Annotator "NA"]
[PlyCount "57"]
[EventDate "2019.07.19"]
[EventType "swiss"]
[EventCountry "IND"]
[SourceTitle "playchess.com"]
[Source "ChessBase"]
[SourceQuality "1"]
[TimeControl "40/5400+30:1800+30"]

1. e4 e5 2. Nf3 Nc6 3. Bb5 a6 4. Ba4 Nf6 5. O-O b5 6. Bb3 Bc5 7. d3 d6 8. a4 Rb8 9. c3 Bb6 10. Nbd2 O-O 11. h3 h6 12. Re1 Re8 13. Nf1 Ne7 14. Nh4 Be6 15. Bc2 Ng6 16. Nxg6 fxg6 17. d4 Nh5 18. Be3 Rf8 19. Bb3 Bxb3 20. Qxb3+ Kh7 21. axb5 axb5 22. Qd1 Nf4 23. Bxf4 Rxf4 24. Re2 exd4 25. cxd4 Qf6 26. g3 Rf3 27. Nh2 Rxf2 28. Ng4 h5 29. Nh2 1-0

[Event "IND-ch Women 2019"]
[Site "Karaikkudi"]
[Date "2019.07.20"]
[Round "3.17"]
[White "Senthamizh Yazhini S"]
[Black "Srija, Seshadri"]
[Result "0-1"]
[ECO "C45"]
[WhiteElo "1622"]
[BlackElo "2306"]
[Annotator "NA"]
[PlyCount "84"]
[EventDate "2019.07.19"]
[EventType "swiss"]
[EventCountry "IND"]
[SourceTitle "playchess.com"]
[Source "ChessBase"]
[SourceQuality "1"]
[TimeControl "40/5400+30:1800+30"]

1. e4 e5 2. Nf3 Nc6 3. d4 exd4 4. Nxd4 Nf6 5. Nxc6 bxc6 6. Bd3 d5 7. exd5 cxd5 8. O-O Be7 9. Re1 O-O 10. Nd2 Rb8 11. c4 Be6 $11 12. Qc2 Bb4 13. Rd1 Qe7 14. Nb3 dxc4 15. Bxc4 Ng4 16. h3 Nxf2 17. Kxf2 Qh4+ 18. g3 Qxh3 19. Bf1 Qh2+ 20. Bg2 Bd6 21. Qd3 Bh3 22. Rg1 Rfe8 23. Bd2 Re6 24. Bc3 Rg6 25. g4 Bxg4 26. Rae1 Bd7 27. Re3 Bc6 28. Rf3 Qh4+ 29. Ke3 Bxf3 30. Bxf3 Rxg1 31. Qd4 Qg5+ 32. Kd3 Qg3 33. Nd2 Bf4 34. b4 Bxd2 35. Kxd2 Qe1+ 36. Kd3 Qb1+ 37. Ke3 Re8+ 38. Kd2 Qxa2+ 39. Kd3 Rg3 40. Qd7 Rxf3+ 41. Kd4 Rf4+ 42. Kc5 Qc4# {[%emt 0:12:00] Kd4} 0-1

[Event "IND-ch Women 2019"]
[Site "Karaikkudi"]
[Date "2019.07.20"]
[Round "3.18"]
[White "Mudaliar Nandini"]
[Black "Priyanka Nutakki"]
[Result "0-1"]
[ECO "C01"]
[WhiteElo "1609"]
[BlackElo "2293"]
[Annotator "NA"]
[PlyCount "70"]
[EventDate "2019.07.19"]
[EventType "swiss"]
[EventCountry "IND"]
[SourceTitle "playchess.com"]
[Source "ChessBase"]
[SourceQuality "1"]
[TimeControl "40/5400+30:1800+30"]

1. e4 e6 2. Nc3 d5 3. Nf3 Nf6 4. exd5 exd5 5. d4 Bb4 6. Bd2 O-O 7. Be2 c6 8. a3 Bd6 9. Bg5 Nbd7 $11 10. O-O Qc7 11. Bd3 h6 12. Bh4 a5 13. Re1 b5 14. Re2 Bb7 15. Bxf6 Nxf6 16. Ne5 b4 17. axb4 axb4 18. Na4 Ra5 19. b3 c5 20. Bf5 g6 21. Bh3 Rfa8 22. Rc1 Ne4 23. f3 Ng5 24. Ng4 Kg7 25. dxc5 Bxc5+ 26. Nxc5 Qxc5+ 27. Kh1 Nxh3 28. gxh3 d4 29. Kg2 h5 30. Re5 Qd6 31. Rxa5 Rxa5 32. Nf2 Rg5+ 33. Kh1 Qf4 34. Ne4 Qxe4 35. fxe4 Bxe4+ 0-1

[Event "IND-ch Women 2019"]
[Site "Karaikkudi"]
[Date "2019.07.20"]
[Round "3.19"]
[White "Pratyusha, Bodda"]
[Black "Panda Miracle"]
[Result "1-0"]
[ECO "E43"]
[WhiteElo "2265"]
[BlackElo "1605"]
[Annotator "NA"]
[PlyCount "83"]
[EventDate "2019.07.19"]
[EventType "swiss"]
[EventCountry "IND"]
[SourceTitle "playchess.com"]
[Source "ChessBase"]
[SourceQuality "1"]
[TimeControl "40/5400+30:1800+30"]

1. d4 Nf6 2. c4 e6 3. Nc3 Bb4 4. e3 b6 5. Nf3 Bb7 6. Bd3 O-O 7. Bd2 c5 8. a3 Ba5 9. O-O d5 10. cxd5 Nxd5 11. Nxd5 Bxd2 12. Nf4 Ba5 13. Qb1 Bxf3 14. gxf3 Nc6 15. Bxh7+ Kh8 16. Be4 Rc8 17. Bxc6 Rxc6 18. b4 e5 19. dxe5 Rh6 20. Rd1 Qg5+ 21. Kf1 Rxh2 22. Ke2 Qh4 23. Rf1 g5 24. Nd5 Qc4+ 25. Qd3 Qxd3+ 26. Kxd3 Rd8 27. Ke4 Rh4+ 28. f4 gxf4 29. Rh1 Rxh1 30. Rxh1+ Kg7 31. bxa5 bxa5 32. exf4 Rh8 33. Rxh8 Kxh8 34. f5 Kg7 35. e6 f6 36. Nc7 Kf8 37. Kd5 Ke7 38. Kxc5 a4 39. Nd5+ Kf8 40. Nxf6 Ke7 41. Nd5+ Ke8 42. f6 1-0

[Event "IND-ch Women 2019"]
[Site "Karaikkudi"]
[Date "2019.07.20"]
[Round "3.20"]
[White "Aishwarya"]
[Black "Swati Ghate"]
[Result "0-1"]
[ECO "B46"]
[WhiteElo "1607"]
[BlackElo "2192"]
[Annotator "NA"]
[PlyCount "104"]
[EventDate "2019.07.19"]
[EventType "swiss"]
[EventCountry "IND"]
[SourceTitle "playchess.com"]
[Source "ChessBase"]
[SourceQuality "1"]
[TimeControl "40/5400+30:1800+30"]

1. e4 c5 2. Nf3 e6 3. d4 cxd4 4. Nxd4 Nc6 5. Nc3 Qc7 6. a3 a6 7. g3 Nf6 8. Bg2 Be7 9. Be3 d6 10. O-O Bd7 11. Nb3 Ne5 12. Nd2 Neg4 13. Bg5 h6 14. Bxf6 Nxf6 15. Re1 O-O 16. Qe2 Rac8 17. Rad1 Rfd8 18. Nf3 Be8 19. Rd2 b5 20. Nd4 Nd7 21. Ndxb5 axb5 22. Nxb5 Qb6 23. b3 Nc5 24. Nd4 Bg5 25. Rdd1 Bf6 26. Qd2 Na6 27. Re2 Qc5 28. a4 Nb4 29. c4 Bxd4 30. Qxd4 Qxd4 31. Rxd4 e5 32. Rd1 Nc6 33. Rb2 Rb8 34. Ra1 Rb4 35. a5 Ra8 36. a6 Nd4 37. Ra3 Bc6 38. f3 Rb6 39. a7 Rb7 40. Rba2 Rxb3 41. Ra6 Kf8 42. f4 f6 43. Bh3 Ke7 44. fxe5 fxe5 45. Kf2 Bxe4 46. Bg2 Rf8+ 47. Ke1 Bxg2 48. Rxg2 Rb1+ 49. Kd2 Rb2+ 50. Kc3 Rxg2 51. a8=Q Rxa8 52. Rxa8 Rxh2 0-1

[Event "IND-ch Women 2019"]
[Site "Karaikkudi"]
[Date "2019.07.20"]
[Round "3.21"]
[White "Sharma Isha"]
[Black "Renganayaki V"]
[Result "1-0"]
[ECO "B27"]
[WhiteElo "2188"]
[BlackElo "1583"]
[Annotator "NA"]
[PlyCount "72"]
[EventDate "2019.07.19"]
[EventType "swiss"]
[EventCountry "IND"]
[SourceTitle "playchess.com"]
[Source "ChessBase"]
[SourceQuality "1"]
[TimeControl "40/5400+30:1800+30"]

1. e4 c5 2. Nf3 g6 3. c3 Bg7 4. d4 cxd4 5. cxd4 d5 6. e5 Bg4 7. Bb5+ Nd7 8. Nc3 e6 9. h3 Bxf3 10. Qxf3 Ne7 11. O-O Nf5 12. Rd1 O-O 13. g4 Nxd4 14. Rxd4 Nxe5 15. Qg3 Nf3+ 16. Qxf3 Bxd4 17. Bh6 Bg7 18. Bxg7 Kxg7 19. Rd1 a6 20. Bf1 Qf6 21. Qe3 h6 22. f4 Rad8 23. g5 hxg5 24. fxg5 Qf5 25. Rd4 f6 26. gxf6+ Qxf6 27. Bg2 Rf7 28. a3 Rdf8 29. Rd2 Qf4 30. Qe1 d4 31. Ne4 Qe3+ 32. Qxe3 dxe3 33. Re2 Rc8 34. Rxe3 Rc2 35. b4 Rd7 36. Kh2 b6 1-0

[Event "IND-ch Women 2019"]
[Site "Karaikkudi"]
[Date "2019.07.21"]
[Round "4.1"]
[White "Thipsay, Bagyashree Sathe"]
[Black "Kulkarni Bhakti"]
[Result "0-1"]
[ECO "C54"]
[WhiteElo "2093"]
[BlackElo "2388"]
[Annotator "NA"]
[PlyCount "88"]
[EventDate "2019.07.19"]
[EventType "swiss"]
[EventCountry "IND"]
[SourceTitle "playchess.com"]
[Source "ChessBase"]
[SourceQuality "1"]
[TimeControl "40/5400+30:1800+30"]

1. e4 e5 2. Nf3 Nc6 3. Bc4 Bc5 4. c3 Nf6 5. d3 a6 6. Bb3 Ba7 7. Nbd2 d6 8. Nf1 h6 9. Ng3 O-O 10. O-O Be6 {[%emt 0:01:52] C54: Giuoco Piano: 4 c3 Nf6, main lines with 5 d4 and 5 d3} 11. Bc2 d5 (11... Ne7 12. h3 Ng6 13. d4 Qc8 14. Re1 Rd8 15. Bd2 {½-½ (64) Dominguez Perez,L (2750)-Jones,G (2702) Hengshui 2019}) 12. Qe2 Re8 13. h3 Qe7 14. Nh2 $146 ({Predecessor:} 14. Nh4 dxe4 15. dxe4 {1-0 (41) Kleman,M (2260)-Frindt,K (2222) Bratislava 2010}) 14... dxe4 15. dxe4 Rad8 16. Ng4 Nxg4 17. hxg4 g6 {[%emt 0:02:14] [#]} 18. Re1 $2 (18. Nf5 $1 $11 gxf5 19. gxf5) 18... Qh4 19. Be3 Bxg4 20. Qf1 Bxe3 21. Rxe3 Rd2 22. Rc1 Red8 23. b4 Be6 24. a4 Qe7 25. Qe1 $17 Qd7 26. Nf1 Rd6 27. Rg3 Ne7 28. Nh2 Kh7 29. Qe3 g5 30. Rf3 Ng6 31. g3 Kg7 32. Qe1 Qc8 33. Re3 c5 34. b5 axb5 35. axb5 Bc4 36. Rb1 Rd2 37. Bd1 Bxb5 38. Bg4 Qc6 39. Nf3 Ra2 40. Bf5 f6 41. Rd1 Rd6 42. Kg2 Ne7 43. Bg4 Bc4 44. Ra1 Qa4 0-1

[Event "IND-ch Women 2019"]
[Site "Karaikkudi"]
[Date "2019.07.21"]
[Round "4.2"]
[White "Nandhidhaa, P V"]
[Black "Vantika Agrawal"]
[Result "0-1"]
[ECO "B31"]
[WhiteElo "2259"]
[BlackElo "2243"]
[Annotator "NA"]
[PlyCount "82"]
[EventDate "2019.07.19"]
[EventType "swiss"]
[EventCountry "IND"]
[SourceTitle "playchess.com"]
[Source "ChessBase"]
[SourceQuality "1"]
[TimeControl "40/5400+30:1800+30"]

1. e4 c5 2. Nf3 Nc6 3. Bb5 g6 4. Bxc6 bxc6 5. O-O Bg7 6. Re1 Nh6 7. c3 O-O 8. d4 cxd4 9. cxd4 d5 10. e5 {[%emt 0:00:35] B31: Sicilian: 2...Nc6 3 Bb5 g6} f6 11. exf6 exf6 12. h3 Nf7 13. Nc3 g5 14. b3 Bf5 $146 ({Predecessor:} 14... Qa5 15. Na4 Bf5 16. Qd2 Qxd2 17. Bxd2 Be4 {½-½ (44) Sjugirov,S (2610)-Alekseenko,K (2367) Sochi 2012}) 15. Na4 Re8 16. Ba3 Qc7 17. Rc1 Nd6 18. Bxd6 Qxd6 19. Nc5 Qf4 20. Qd2 Qxd2 21. Nxd2 Bf8 22. g4 Bg6 23. Nf3 Kf7 $11 24. Nd7 Rxe1+ 25. Nxe1 Bb4 26. Nc5 Re8 27. Kf1 Bd2 28. Rd1 Bc3 29. Nf3 Re7 30. Ng1 h5 31. Ne2 Bb4 32. f3 f5 33. Kf2 f4 34. h4 hxg4 35. fxg4 Kf6 36. h5 Bh7 37. Nd3 Bd6 38. Ne5 c5 39. Nf3 Re3 40. dxc5 Bxc5 41. Rc1 Rxf3+ 0-1

[Event "IND-ch Women 2019"]
[Site "Karaikkudi"]
[Date "2019.07.21"]
[Round "4.3"]
[White "Soumya, Swaminathan"]
[Black "Jain Nityata"]
[Result "1-0"]
[ECO "D90"]
[WhiteElo "2402"]
[BlackElo "2135"]
[Annotator "NA"]
[PlyCount "55"]
[EventDate "2019.07.19"]
[EventType "swiss"]
[EventCountry "IND"]
[SourceTitle "playchess.com"]
[Source "ChessBase"]
[SourceQuality "1"]
[TimeControl "40/5400+30:1800+30"]

1. c4 Nf6 2. Nf3 g6 3. Nc3 d5 4. cxd5 Nxd5 5. Qb3 Nb6 6. d4 Bg7 7. Bf4 Be6 8. Qa3 Nc6 9. e3 O-O 10. Be2 Bc4 11. O-O Re8 12. Bxc4 Nxc4 13. Qc5 Nd6 14. Rfd1 Qc8 15. h3 (15. Nd5 $16) 15... Qf5 (15... Nd8 $14) 16. d5 $14 ({White should try} 16. Qxf5 $16 gxf5 17. Nd5) 16... Ne5 17. Nxe5 Bxe5 18. Bxe5 Qxe5 19. Qxc7 Rac8 20. Qa5 Nc4 21. Qb4 e6 22. dxe6 Qxe6 23. Qxb7 Rb8 24. Qxa7 Rxb2 25. Qd4 Qf5 26. e4 Qc8 27. Nd5 Re6 28. Rac1 1-0